 Dungeon Crawl Stone Soup version 0.30-a0-930-gb9d0489357 (webtiles) character file.

Game seed: 16513277749590744744

18 sjgraves the Ducker (level 2, -2/22 HPs)
             Began as a Demonspawn Gladiator on Mar 24, 2023.
             Slain by a gnoll
             ... wielding a +0 flail
              (4 damage)
             ... on level 1 of the Dungeon.
             The game lasted 00:01:06 (378 turns).

sjgraves the Ducker (Demonspawn Gladiator)           Turns: 378, Time: 00:01:06

Health: -2/22      AC:  7    Str: 14    XL:     2   Next: 51%
Magic:  0/2        EV: 10    Int:  9    God:
Gold:   50         SH:  0    Dex: 14    Spells: 1/1 levels left

rFire   . . .      SeeInvis .    a - +0 long sword
rCold   . . .      Faith    .    (no shield)
rNeg    . . .      Spirit   +    g - +0 scale mail
rPois   .          Reflect  .    c - +0 helmet
rElec   .          Rampage  .    (no cloak)
rCorr   .                        (no gloves)
Will    .....                    (no boots) Stlth
                                 f - amulet of guardian spirit
HPRegen 0.23/turn                (no ring)
MPRegen 0.08/turn                (no ring)

@: no status effects
A: hooves 1
a: no special abilities


You were on level 1 of the Dungeon.
You visited 1 branch of the dungeon, and saw 1 of its levels.

You collected 50 gold pieces.

Inventory:

Hand Weapons
 a - a +0 long sword (weapon)
Missiles
 d - 3 throwing nets
 e - a javelin
 i - 5 poisoned darts (quivered)
Armour
 c - a +0 helmet (worn)
 g - a +0 scale mail (worn)
Jewellery
 f - an amulet of guardian spirit (around neck)
Scrolls
 b - a scroll of identify {unknown}
 h - a scroll of teleportation {unknown}
Potions
 j - a potion of haste {unknown}
 k - a potion of curing {unknown}


   Skills:
 + Level 2.3 Fighting
 + Level 2.8 Long Blades
 + Level 2.0 Throwing
 + Level 0.1 Armour
 + Level 2.9 Dodging
 + Level 0.4 Stealth


You had one spell level left.
You didn't know any spells.
Your spell library was empty.

Dungeon Overview and Level Annotations

Branches:
Dungeon (1/15)

Altars:


Innate Abilities, Weirdness & Mutations

You have large cloven feet.


Message History

A dart slug comes into view.
The goblin moves out of view.
A goblin comes into view. It is wielding a +0 club.
The goblin shouts!
A gnoll comes into view. It is wielding a +0 flail.
The goblin hits you but does no damage. The dart slug barely misses you.
You hit the dart slug.
The dart slug is lightly wounded.
The rat bites you but does no damage. The goblin hits you but does no damage.
The dart slug launches a dart at you. The slug dart hits you.
You barely miss the dart slug.
The dart slug is lightly wounded.
The rat bites you but does no damage. The goblin hits you but does no damage.
The dart slug bites you but does no damage.
The goblin barely misses you. The rat closely misses you.
You slash the dart slug!
You kill the dart slug!
The rat barely misses you. The goblin hits you but does no damage.
You hit the rat.
You kill the rat!
The gnoll barely misses you. The goblin closely misses you.
You closely miss the gnoll. You kick the gnoll, but do no damage.
The gnoll closely misses you. The goblin hits you with a +0 club. x2
You hit the gnoll. Your kick misses the gnoll.
The gnoll is lightly wounded.
The gnoll barely misses you. The goblin misses you.
The goblin hits you with a +0 club. x2; The gnoll hits you with a +0 flail.
* * * LOW HITPOINT WARNING * * *
The goblin barely misses you.
You barely miss the gnoll. You kick the gnoll. You punch the gnoll.
The gnoll is moderately wounded.
The gnoll hits you with a +0 flail.
* * * LOW HITPOINT WARNING * * *
The goblin barely misses you. The goblin hits you with a +0 club.
* * * LOW HITPOINT WARNING * * *
You hit the gnoll. You kick the gnoll.
The gnoll is almost dead.
The gnoll hits you with a +0 flail.
You die...

#### ....
###### ....
#### ....#
.... ...
....# # ...
....# .
##.##...#
###
...#..g#..#
..#
......g@.##
..#
...#!.g#..#
#.#
#.##.##.##
.>#
.........#
###
....#.#..#
....####.##
##########.#
#..........#
#.##########


You could see a gnoll and 2 goblins.

Vanquished Creatures
  A dart slug (D:1)
  A bat (D:1)
  2 endoplasms (D:1)
  2 goblins (D:1)
  2 jackals (D:1)
  A quokka (D:1)
  A ball python (D:1)
  A frilled lizard (D:1)
  3 kobolds (D:1)
  2 rats (D:1)
16 creatures vanquished.

Notes
Turn   | Place    | Note
-------+----------+-------------------------------------------
     0 | D:1      | sjgraves the Demonspawn Gladiator began the quest for the
                  | Orb.
     0 | D:1      | Reached XP level 1. HP: 16/16 MP: 1/1
   183 | D:1      | Discovered your monstrous ancestry.
   183 | D:1      | Gained mutation: You have large cloven feet. [demonic
                  | ancestry]
   183 | D:1      | Reached XP level 2. HP: 22/22 MP: 2/2
   378 | D:1      | Slain by a gnoll

Illustrated notes

Levels and vault maps discovered:
D:1:      shiori_arrival_elements, layout_basic, serial_shops, shop,
          minmay_tromino_v4_b

Skill      XL: |  1  2 |
---------------+-------+-----
Throwing       | 2 |  2.0
Fighting       | |  2.3
Long Blades    | |  2.8
Armour         | |  0.1
Dodging        | |  2.9
Stealth        | |  0.4

Action                     || total
---------------------------++-------
  Melee: Long sword        ||    45
         Punch             ||     2
         Kick              ||     4
  Throw: Dart              ||     6
 Armour: Leather armour    ||    13
         Scale mail        ||    16
  Dodge: Dodged            ||    56

Table legend: (Time is in decaauts)
 A = Elapsed time spent in this place.
 B = Non-inter-level travel time spent in this place.
 C = Inter-level travel time spent in this place.
 D = Time resting spent in this place.
 E = Time spent auto-exploring this place.
 F = Levels seen in this place.
 G = Mean time per level.
                   A        B        C        D        E       F      G
               +--------+--------+--------+--------+--------+-----+--------+
         Total |    390 |    390 |      0 |      0 |    262 |   1 |  390.0 |
       Dungeon |    390 |    390 |      0 |      0 |    262 |   1 |  390.0 |
               +--------+--------+--------+--------+--------+-----+--------+

Top non-repeatable levels by time:
     D:1: 390 daAuts
